 Dungeon Crawl Stone Soup version 0.30-a0-159-g068b764562 (webtiles) character file.

Game seed: 18272446214807583613

70 zero the Slasher (level 4, -1/25 (37) HPs)
             Began as a Barachi Reaver on Sept 27, 2022.
             Slain by Terence
             ... wielding a +0 flail
              (8 damage)
             ... on level 2 of the Dungeon.
             The game lasted 00:01:33 (2030 turns).

zero the Slasher (Barachi Reaver)                   Turns: 2030, Time: 00:01:33

HP:   -1/25 (37)    AC:  3    Str: 14    XL:     4   Next: 21%
MP:   5/7           EV: 11    Int: 13    God:
Gold: 116           SH:  0    Dex: 12    Spells: 4/7 levels left

rFire   . . .      SeeInvis .    a - +1 falchion
rCold   . . .      Faith    .    (no shield)
rNeg    . . .      Spirit   .    b - +0 leather armour
rPois   .          Reflect  .    (no helmet)
rElec   .          Harm     .    (no cloak)
rCorr   .          Rampage  .    (no gloves)
Will    .....                    (no boots)
Stlth   +.........               (no amulet)
HPRegen 0.08/turn                (no ring)
MPRegen 0.10/turn                (no ring)

@: very heavily drained, slow
A: amphibious, slowness 1, strong legs 1, +LOS
a: Hop


You were on level 2 of the Dungeon.
You visited 1 branch of the dungeon, and saw 2 of its levels.

You collected 116 gold pieces.

Inventory:

Hand Weapons
 a - a +1 falchion (weapon)
Armour
 b - a +0 leather armour (worn)
Scrolls
 f - a scroll of identify
Potions
 c - a potion of lignification {unknown}
 d - 2 potions of curing
 e - a potion of heal wounds {unknown}
 g - a potion of mutation {unknown}


   Skills:
 - Level 4.0 Fighting
 - Level 0.8(2.8) Short Blades
 * Level 4.8(4.9) Long Blades
 - Level 2.1 Dodging
 - Level 2.1 Spellcasting
 - Level 3.2 Conjurations


You had 4 spell levels left.
You knew the following spells:

 Your Spells              Type           Power      Damage    Failure   Level
a - Kiss of Death         Conj/Necr      20%        2d7       16%         1
b - Volcanic Tap          Conj/Fire/Erth 8%         3d8       30%         2

Your spell library contained the following spells:

 Spells                   Type           Power      Damage    Failure   Level
 Apportation              Tloc           2%         N/A       32%         1
 Necrotise                Necr           4%         1d4       32%         1
 Summon Small Mammal      Summ           4%         N/A       32%         1
 Hailstorm                Conj/Ice       5%         3d4       43%         3


Dungeon Overview and Level Annotations

Branches:
Dungeon (2/15)

Altars:

Annotations:
D:2 Terence


Innate Abilities, Weirdness & Mutations

You are amphibious.
You cover ground slowly.
You can hop short distances.
You have an extended range of vision and can be seen from far away.


Message History

Terence the Incautious comes into view.
He is wielding a +0 flail.
Found a stone staircase leading down.
As you close the door, it creaks loudly!
Something unseen breaks down the door.
Terence screams, "I'm going to kill you!"
You see here a +0 dagger.
Cast which spell? (? or * to list)
Aiming: Kiss of Death (safe; 16% risk of failure)
Press: ? - help, Shift-Dir - straight line, f - Terence
Aim: Terence, wielding a +0 flail and wearing a +0 scale mail (100% to hit)
The negative energy hits Terence.
Terence is drained!
Terence is moderately wounded.
You feel drained.
Terence screams, "I'm going to kill you!"
Terence misses you.
You hit Terence but do no damage.
Terence is moderately wounded.
Terence closely misses you.
You barely miss Terence.
Terence is moderately wounded.
Terence misses you.
You barely miss Terence.
Terence is moderately wounded.
Terence hits you with a +0 flail.
Casting: Kiss of Death (safe; 16% risk of failure)
Confirm with . or Enter, or press ? or * to list all spells.
Aiming: Kiss of Death (safe; 16% risk of failure)
Press: ? - help, Shift-Dir - straight line, f/p - Terence
Aim: Terence, wielding a +0 flail and wearing a +0 scale mail (moderately wounded, heavily drained, 100% to hit)
The negative energy hits Terence.
Terence is drained!
Terence is severely wounded.
You feel drained. Terence hits you with a +0 flail!
You hit Terence.
Terence is severely wounded.
Terence hits you with a +0 flail!
* * * LOW HITPOINT WARNING * * *
You closely miss Terence.
Terence is severely wounded.
Terence hits you with a +0 flail!
You die...

##################
#................#
########.#######..#####.#
...†..##.# #..# ###.#####
#####.##.# #####..###.......#
# #.##.# #..........#####.#
### #.##.###.###..##..# ..#
#.##.......#..##..# #.#
#.##.........@@...# # #.#
#.##.###.#.######.#####.#
#.###.##.# #.#.# #.......#
......##.# #.#.# ####.####
#.######.# #.#.# #'# #.# #.#
#.#.# ... #.# #.###.#.# @....
..# #.......## ...>...
..##########....####.........


You could see Terence (very drained).

Vanquished Creatures
  3 adders (D:2)
  A dart slug (D:1)
  3 ball pythons (D:1)
  4 bats
  3 endoplasms
  4 giant cockroaches
  6 hobgoblins (D:1)
  4 kobolds
  A quokka (D:1)
  3 frilled lizards
  3 goblins
  3 rats (D:1)
38 creatures vanquished.

Notes
Turn   | Place    | Note
-------+----------+-------------------------------------------
     0 | D:1      | zero the Barachi Reaver began the quest for the Orb.
     0 | D:1      | Reached XP level 1. HP: 17/17 MP: 3/3
   249 | D:1      | Reached XP level 2. HP: 15/24 MP: 5/5
   895 | D:1      | Reached XP level 3. HP: 29/30 MP: 6/6
   903 | D:1      | Learned a level 2 spell: Volcanic Tap
  1745 | D:2      | Found a faded altar of an unknown god.
  1756 | D:2      | Reached XP level 4. HP: 37/37 MP: 7/7
  2015 | D:2      | Noticed Terence
  2030 | D:2      | Slain by Terence

Illustrated notes

Levels and vault maps discovered:
D:1:      dpeg_arrival_refuge, layout_basic
D:2:      minmay_evil_eye, layout_loops_corners,
          hellmonk_ecumenical_altar_lost_god, st_stairs_2, grunt_ministairs_2,
          uniq_terence

Skill      XL: |  1  2  3 |
---------------+----------+-----
Fighting       | 3 4 |  4.0
Long Blades    | 4 |  4.8
Short Blades   | |  0.8
Dodging        | |  2.1
Spellcasting   | |  2.1
Conjurations   | |  3.2

Action                   |  1- 3 |  4- 6 || total
-------------------------+-------+-------++-------
Melee: Falchion          |   119 |    17 ||   136
       Punch             |     1 |       ||     1
 Cast: Kiss of Death     |       |     2 ||     2
  Use: Scroll            |     4 |       ||     4
Armor: Leather armour    |    45 |     4 ||    49
Dodge: Dodged            |    81 |    10 ||    91

Table legend: (Time is in decaauts)
 A = Elapsed time spent in this place.
 B = Non-inter-level travel time spent in this place.
 C = Inter-level travel time spent in this place.
 D = Time resting spent in this place.
 E = Time spent auto-exploring this place.
 F = Levels seen in this place.
 G = Mean time per level.
                   A        B        C        D        E       F      G
               +--------+--------+--------+--------+--------+-----+--------+
         Total |   2275 |   2220 |     55 |      0 |   1907 |   2 | 1137.5 |
       Dungeon |   2275 |   2220 |     55 |      0 |   1907 |   2 | 1137.5 |
               +--------+--------+--------+--------+--------+-----+--------+

Top non-repeatable levels by time:
     D:1: 1719 daAuts
     D:2: 555 daAuts
